 Dungeon Crawl Stone Soup version 0.31-a0-844-gdc52ec4e09 (webtiles) character file.

Game seed: 549753982616693301

3440 night the Grappler (level 10, -17/73 HPs)
             Began as a Djinni Shapeshifter on Sept 30, 2023.
             Was an Initiate of Makhleb.
             Demolished by Maggie
             ... wielding a +0 heavy glaive
              (23 damage)
             ... on level 7 of the Dungeon.
             The game lasted 00:28:23 (9768 turns).

night the Grappler (Djinni Shapeshifter)            Turns: 9768, Time: 00:28:24

Health: -17/73     AC:  4    Str: 13    XL:     10   Next: 26%
Gold:   257        EV: 17    Int: 17    God:    Makhleb [......] SH:  0 Dex: 12

rFire   + +          +
                       - Unarmed
rCold   . . .        (no shield)
rNeg    . . .        b - +2 robe {rC+ rF+}
rPois   ∞            (helmet currently unavailable)
rElec   .            s - melded +0 cloak
rCorr   .            (gloves currently unavailable)
SInv    .            (boots unavailable)
Will    ++...        (no amulet)
Stlth   +            f - +5 ring of evasion
HPRegen 0.32/turn    u - ring of willpower
MPRegen 0.00/turn

%: infuse magic (-18 HP)
@: beast-form, flying
A: beast (slay +3), flying, sickness immunity, fire resistance 2, cold
vulnerability 1, float, innate caster, HP casting, extra vitality 1
a: Begin Untransformation, Renounce Religion


You were on level 7 of the Dungeon.
You worshipped Makhleb.
Makhleb was noncommittal.
You were a hulking beast.
You visited 2 branches of the dungeon, and saw 9 of its levels.
You also visited: Sewer.

You collected 257 gold pieces.

Inventory:

Missiles
 h - a throwing net
 j - 29 poisoned darts
 k - 80 stones
 q - 11 boomerangs
 r - 4 atropa-tipped darts
 z - a curare-tipped dart
Armour
 b - a +2 robe of resistance (worn)
 s - a +0 cloak (melded)
Jewellery
 f - a +5 ring of evasion (left hand)
 u - a ring of willpower (right hand)
Talismans
 c - a beast talisman (active)
 d - a flux talisman
 w - a maw talisman
Wands
 a - a wand of roots (11)
 o - a wand of flame (25)
Scrolls
 e - 5 scrolls of teleportation
 g - a scroll of enchant armour
 l - a scroll of blinking {unknown}
 p - a scroll of fear
 t - 2 scrolls of enchant weapon
 v - a scroll of butterflies {unknown}
 y - 2 scrolls of amnesia {unknown}
Potions
 i - a potion of enlightenment
 m - a potion of invisibility
 n - a potion of cancellation
 x - 2 potions of lignification


   Skills:
 + Level 6.5 Fighting
 - Level 2.1 Dodging
 * Level 9.7 Unarmed Combat
 + Level 3.5 Spellcasting
 + Level 3.5 Conjurations
 + Level 3.5 Hexes
 + Level 3.5 Summonings
 + Level 3.5 Necromancy
 + Level 3.5 Translocations
 + Level 3.5 Transmutations
 + Level 3.5 Fire Magic
 + Level 3.5 Ice Magic
 + Level 3.5 Air Magic
 + Level 3.5 Earth Magic
 + Level 3.5 Poison Magic
 + Level 6.1 Shapeshifting


You knew the following spells:

 Your Spells              Type           Power      Damage    Failure   Level
a - Foxfire               Conj/Fire      56%        2x1d6     4%          1
b - Searing Ray           Conj           28%        2d5       6%          2
c - Volatile Blastmotes   Fire/Tloc      28%        2d12      12%         3
d - Leda's Liquefaction   Hex/Erth       7%         N/A       36%         4
Your spell library was empty.

Dungeon Overview and Level Annotations

Branches:
Dungeon (8/15)             Temple (1/1) D:6           Sewer (visited)
   Lair: D:8-11

Altars:
Ashenzari
Dithmenos
Elyvilon
Fedhas
Gozag
Hepliaklqana
Makhleb
Okawaru
Qazlal
Ru
Trog
Uskayaw
Wu Jian
Xom
Yredelemnul

Annotations:
D:4 1 runed translucent door, orangepiccolo's ghost, amateur MiBe
D:7 Maggie


Innate Abilities, Weirdness & Mutations

You are a hulking beast.
Your limbs bulge with bestial killing power. (Slay +3)
You are flying.
You are immune to sickness and miasma.
You are immune to poison.
Your flesh is very heat resistant. (rF++)
You are vulnerable to cold. (rC-)
You float through the air rather than walking.
You learn spells naturally, not from books.
Your magical power is your life essence.
You have superior vitality. (+4 MHP)


Message History

The cloud of blastmotes explodes!
The concussive blast engulfs Maggie!
Maggie is lightly wounded.
Okay, then.
Okay, then.
Aiming: Fastroot
Press: ? - help, Shift-Dir - straight line, f - Maggie
Aim: Maggie, wielding a +0 heavy glaive, wearing +0 steam dragon scales and carrying a wand of mindburst (lightly wounded)
The roots erupt in riotous growth!
Roots grab Maggie.
The grasping roots constrict Maggie.
Maggie casts a spell.
Maggie attempts to bespell you! You resist with almost no effort.
The grasping roots constrict Maggie.
Maggie points at you and mumbles some strange words.
The bolt of fire hits you. You resist.
* * * LOW HITPOINT WARNING * * *
You hit Maggie.
Maggie is moderately wounded.
The grasping roots constrict Maggie.
The roots release their grip on Maggie.
Maggie closely misses you.
You hit Maggie but do no damage.
Maggie is heavily wounded.
You hit Maggie but do no damage.
Maggie is heavily wounded.
Maggie hits you with a +0 heavy glaive!
* * * LOW HITPOINT WARNING * * *
You barely miss Maggie. You punch Maggie.
Maggie is heavily wounded.
You punch Maggie!
Maggie is severely wounded.
Maggie barely misses you.
You hit Maggie.
Maggie is severely wounded.
Maggie zaps a wand.
You resist with almost no effort.
You barely miss Maggie. You punch Maggie.
Maggie is severely wounded.
You punch Maggie!
Maggie is almost dead.
Maggie hits you with a +0 heavy glaive!!
You die...

#. #.######.....####.... #..
#...........####...## ##).##
#..<..........##..###
##.....#####.#####...##...#..#
#.............#####..####...##
...............§###.## ##..##
# ..#.......).##......#
##...### ...........#####@..##
##..#.... ...........# ##h.#
###..###... Y..........#
##.###..### #... ..#####....#
##..#...# #... # ##....
##......## ##... ..##..
#.#####.#####.... .## # ###
###.....### ######..# ####


You could see Maggie.

Vanquished Creatures
  Jeremiah (D:7)
  Grinder (D:6)
  Eustachio (D:4)
  A shadow (D:6)
  Menkaure (D:5)
  A water moccasin (D:4)
  2 ice beasts
  A sky beast (D:7)
  An orc warrior (D:7)
  2 black bears (D:5)
  3 ogres
  Blork the orc (D:4)
  4 kobold brigands
  A bullfrog (D:7)
  3 scorpions
  2 howler monkeys (D:7)
  7 hounds
  3 jellies
  An orc priest (D:6)
  2 sleepcaps
  2 iguanas
  Natasha (thrice) (D:4)
  3 orc wizards
  3 gnolls (D:5)
  15 adders
  11 river rats (Sewer)
  2 white imps
  2 worms
  A dart slug (D:4)
  25 orcs
  3 bats (D:2)
  13 endoplasms
  5 giant cockroaches
  3 goblins
  7 hobgoblins
  3 jackals (D:2)
  28 kobolds
  5 quokkas
  13 ball pythons
  2 frilled lizards
  19 rats
207 creatures vanquished.

Vanquished Creatures (others)
  328 foxfires
328 creatures vanquished.

Grand Total: 535 creatures vanquished

Notes
Turn   | Place    | Note
-------+----------+-------------------------------------------
     0 | D:1      | night the Djinni Shapeshifter began the quest for the Orb.
     0 | D:1      | Reached XP level 1. HP: 17/17 MP: 0/0
   198 | D:1      | Reached XP level 2. HP: 22/22 MP: 0/0
   639 | D:1      | Reached XP level 3. HP: 26/27 MP: 0/0
   639 | D:1      | Learned a level 1 spell: Foxfire
  1133 | D:2      | Reached XP level 4. HP: 26/33 MP: 0/0
  1467 | D:2      | Found a shimmering altar of Xom.
  1646 | D:3      | Reached skill level 2 in Fighting
  1646 | D:3      | Reached skill level 4 in Unarmed Combat
  1665 | D:3      | Noticed a scorpion
  1687 | D:3      | Killed a scorpion
  1688 | D:3      | Reached skill level 1 in Spellcasting
  1688 | D:3      | Reached skill level 1 in Conjurations
  1688 | D:3      | Reached skill level 1 in Hexes
  1688 | D:3      | Reached skill level 1 in Summonings
  1688 | D:3      | Reached skill level 1 in Necromancy
  1688 | D:3      | Reached skill level 1 in Translocations
  1688 | D:3      | Reached skill level 1 in Transmutations
  1688 | D:3      | Reached skill level 1 in Fire Magic
  1688 | D:3      | Reached skill level 1 in Ice Magic
  1688 | D:3      | Reached skill level 1 in Air Magic
  1688 | D:3      | Reached skill level 1 in Earth Magic
  1688 | D:3      | Reached skill level 1 in Poison Magic
  1688 | D:3      | Reached XP level 5. HP: 38/38 MP: 0/0
  1688 | D:3      | Learned a level 2 spell: Searing Ray
  1825 | D:3      | Found a glowing drain.
  1829 | Sewer    | Entered a sewer
  2046 | Sewer    | Reached XP level 6. HP: 38/45 MP: 0/0
  2353 | Sewer    | Reached skill level 5 in Unarmed Combat
  2591 | Sewer    | Reached XP level 7. HP: 20/50 MP: 0/0
  2591 | Sewer    | Learned a level 3 spell: Volatile Blastmotes
  2835 | D:3      | Found a faded altar of an unknown god.
  3276 | D:4      | Found a broken altar of Ashenzari.
  3278 | D:4      | Found a blossoming altar of Fedhas.
  3282 | D:4      | Found a stormy altar of Qazlal.
  3374 | D:4      | Found a runed translucent door.
  3374 | D:4      | Noticed orangepiccolo's ghost (amateur MiBe)
  3384 | D:4      | Found an opulent altar of Gozag.
  3497 | D:4      | Reached skill level 6 in Unarmed Combat
  3514 | D:4      | Reached XP level 8. HP: 32/58 MP: 0/0
  3632 | D:4      | Noticed Eustachio
  3649 | D:4      | Killed Eustachio
  3650 | D:4      | Reached skill level 2 in Spellcasting
  3650 | D:4      | Reached skill level 2 in Conjurations
  3650 | D:4      | Reached skill level 2 in Hexes
  3650 | D:4      | Reached skill level 2 in Summonings
  3650 | D:4      | Reached skill level 2 in Necromancy
  3650 | D:4      | Reached skill level 2 in Translocations
  3650 | D:4      | Reached skill level 2 in Transmutations
  3650 | D:4      | Reached skill level 2 in Fire Magic
  3650 | D:4      | Reached skill level 2 in Ice Magic
  3650 | D:4      | Reached skill level 2 in Air Magic
  3650 | D:4      | Reached skill level 2 in Earth Magic
  3650 | D:4      | Reached skill level 2 in Poison Magic
  4327 | D:4      | Noticed Natasha
  4327 | D:4      | Noticed Blork the orc
  4350 | D:4      | HP: 7/58 [Natasha (8)]
  4357 | D:4      | Killed Natasha
  4358 | D:4      | Reached skill level 7 in Unarmed Combat
  4361 | D:4      | Noticed Natasha
  4537 | D:4      | Killed Blork the orc
  4543 | D:4      | Killed Natasha
  4655 | D:4      | Noticed Natasha
  4667 | D:4      | Killed Natasha
  4950 | D:5      | Entered Level 5 of the Dungeon
  5058 | D:5      | Reached XP level 9. HP: 56/63 MP: 0/0
  5058 | D:5      | Learned a level 4 spell: Leda's Liquefaction
  5185 | D:5      | Reached skill level 5 in Fighting
  5193 | D:5      | Reached skill level 5 in Shapeshifting
  5361 | D:5      | Reached skill level 8 in Unarmed Combat
  5370 | D:5      | Noticed Menkaure
  5380 | D:5      | Killed Menkaure
  6148 | D:6      | Noticed Grinder
  6163 | D:6      | HP: 9/65 [Grinder (6)]
  6166 | D:6      | Killed Grinder
  6478 | D:6      | Found a staircase to the Ecumenical Temple.
  6551 | Temple   | Entered the Ecumenical Temple
  6566 | Temple   | Became a worshipper of Makhleb the Destroyer
  7364 | D:7      | Reached skill level 9 in Unarmed Combat
  7435 | D:7      | Noticed Maggie
  7632 | D:7      | HP: 4/66 [bullfrog (7)]
  8031 | D:7      | Noticed Jeremiah
  8047 | D:7      | Reached XP level 10. HP: 52/72 MP: 0/0
  8078 | D:7      | HP: 7/72 [Jeremiah/+3 vampiric trident (4)]
  8670 | D:7      | HP: 8/72 [Jeremiah/divine providence (14)]
  9050 | D:7      | Killed Jeremiah
  9050 | D:7      | HP: 3/72 [orc warrior/+0 halberd (10)]
  9471 | D:7      | Found an ornate altar of the Wu Jian Council.
  9763 | D:7      | HP: 5/73 [Maggie/+0 heavy glaive (14)]
  9768 | D:7      | Demolished by Maggie

Illustrated notes

Levels and vault maps discovered:
D:1:      minmay_arrival_arboretum_small, layout_loops_cross, serial_aquarium,
          aquarium_bridge_square [aquarium_subvault_bridge,
          aquarium_subvault_bridge, aquarium_subvault_bridge,
          aquarium_subvault_bridge], aquarium_window_1, aquarium_window_1,
          aquarium_window_1, aquarium_window_2, aquarium_view_2b,
          aquarium_view_2c, aquarium_balcony_1b, aquarium_pool_2,
          minmay_tetromino_i2
D:2:      layout_loops_ring, basic_altar
D:3:      layout_rooms, gup_sewer_entry_spiral, chequers_ecumenical_altar_twisty
D:4:      layout_cave_pods, kennysheep_mini, grunt_temple_overflow_open,
          hellmonk_ghost_happy_afterlife, serial_glass, glass_columns_a,
          glass_columns_b, glass_columns_b, glass_columns_b, glass_columns_a,
          glass_columns_b, glass_columns_a, glass_columns_a, uniq_eustachio,
          uniq_blork_the_orc, uniq_natasha
D:5:      layout_loops_ring, guppyfry_early_lair_pool, uniq_menkaure
D:6:      nicolae_cairo_tiling_large, layout_gridville,
          minmay_temple_entry_nine_rooms, uniq_grinder
D:7:      layout_layer_cave, mainiacjoe_overflow_alcove_2, uniq_maggie,
          uniq_jeremiah
D:8:      layout_basic, old_standard_altar, jmf_multi_god_temple
Temple:   zaba_magenta_temple

Skill      XL: |  1  2  3  4  5  6  7  8  9 10 |
---------------+-------------------------------+-----
Shapeshifting  | 3 4 5 6 |  6.1
Fighting       | 2 3 4 6 |  6.5
Unarmed Combat | 4 5 6 7 9 |  9.7
Spellcasting   | 1 2 3 |  3.5
Conjurations   | 1 2 3 |  3.5
Hexes          | 1 2 3 |  3.5
Summonings     | 1 2 3 |  3.5
Necromancy     | 1 2 3 |  3.5
Translocations | 1 2 3 |  3.5
Transmutations | 1 2 3 |  3.5
Fire Magic     | 1 2 3 |  3.5
Ice Magic      | 1 2 3 |  3.5
Air Magic      | 1 2 3 |  3.5
Earth Magic    | 1 2 3 |  3.5
Poison Magic   | 1 2 3 |  3.5
Dodging        | |  2.1

Action                     |  1- 3 |  4- 6 |  7- 9 | 10-12 || total
---------------------------+-------+-------+-------+-------++-------
  Melee: Unarmed           |    75 |    62 |   139 |    84 ||   360
         Punch             |     2 |     1 |     7 |     8 ||    18
   Cast: Foxfire           |     8 |    99 |    52 |    21 ||   180
         Searing Ray       |       |    11 |     5 |     1 ||    17
         Volatile Blastmot |       |       |    59 |    10 ||    69
         Leda's Liquefacti |       |       |     3 |       ||     3
  Evoke: Wand              |       |       |     2 |     1 ||     3
    Use: Potion            |       |     3 |     7 |     1 ||    11
         Scroll            |       |     2 |     7 |     2 ||    11
   Stab: Sleeping          |     1 |       |     1 |       ||     2
 Armour: Animal skin       |    18 |     9 |       |       ||    27
         Skin              |       |     7 |       |       ||     7
         Robe              |       |    16 |   126 |    48 ||   190
  Dodge: Dodged            |    51 |    69 |   168 |    57 ||   345
   Form: Beast             |       |       |     1 |       ||     1
         Flux              |       |       |     1 |       ||     1

Table legend: (Time is in decaauts)
 A = Elapsed time spent in this place.
 B = Non-inter-level travel time spent in this place.
 C = Inter-level travel time spent in this place.
 D = Time resting spent in this place.
 E = Time spent auto-exploring this place.
 F = Levels seen in this place.
 G = Mean time per level.
                   A        B        C        D        E       F      G
               +--------+--------+--------+--------+--------+-----+--------+
         Total |   9747 |   9487 |    260 |   2178 |   5646 |  10 |  974.7 |
       Dungeon |   8764 |   8533 |    231 |   2178 |   4995 |   8 | 1095.5 |
        Temple |     30 |      1 |     29 |      0 |      0 |   1 |   30.0 |
         Sewer |    951 |    951 |      0 |      0 |    651 |   1 |  951.0 |
               +--------+--------+--------+--------+--------+-----+--------+

Top non-repeatable levels by time:
     D:6: 2473 daAuts
     D:4: 1506 daAuts
     D:5: 1089 daAuts
     D:7: 1066 daAuts
   Sewer: 951 daAuts
     D:3: 864 daAuts
     D:1: 820 daAuts
     D:2: 789 daAuts
     D:8: 153 daAuts
  Temple: 30 daAuts
